sylph2, lawful female human Valkyrie ----- -------- |..{| |......| |...| |......| |...| |......| ---------------- ---------- |...| |.......#####...............| #+........| #-...| |......| ###|.........<....| ###|.......%-# ###--|-- ----|--- ####................#### ----------########.........|# # # # ### ---------------- # |........|# ### |.........### # ### )## ###|........|# # ----------##0 ### # ### #@.&......|#### # # #### ### |f.......|## ### ---.-- -.----### |..{.....-## # |....| |...).## ----------# ########.....| |....|# ##################### |....| |.>...# ------ ------ sylph2 the Fighter Experience level: 7 Strength: 16 Dexterity: 10 Constitution: 18 Intelligence: 9 Wisdom: 9 Charisma: 10 Health: 0(74) Energy: 18(18) AC: -3 Gold: 863 Moves: 3893 Your Inventory: Coins $ - 863 gold pieces Weapons a - an uncursed +1 long sword (weapon in hand) b - an uncursed +0 dagger (in quiver) f - an uncursed [+0] orcish dagger t - 16 uncursed [+0] darts Armor c - an uncursed +3 small shield (being worn) j - an uncursed +0 dwarvish cloak (being worn) k - an uncursed +0 dwarvish iron helm (being worn) n - an uncursed +0 plate mail (being worn) y - an uncursed [+2] dwarvish cloak Tools m - an uncursed lock pick o - an uncursed blindfold r - an uncursed towel v - an uncursed [tallow] candle A - an uncursed [+0] pick-axe W - an uncursed bag [sack] Z - an uncursed lock pick Contents of the sack: an uncursed scroll labeled DAIYEN FOOELS [of flood] an uncursed scroll labeled ETAOIN SHRDLU [of identify] a blessed scroll labeled ETAOIN SHRDLU named [identify of identify] a cursed scroll labeled KERNOD WEL [of fire] an uncursed indigo potion [of blindness] an uncursed sky blue potion [of enlightenment] an uncursed viscous potion [of sickness] Spells known in the end: Name Level Category Fail Memory Your skills at the end: Fighting Skills Weapon Skills dagger [Basic / Expert] long sword [Basic / Expert] Spellcasting Skills Final Attributes: You were piously aligned. Hunger level was 1002. Your alignment was 29 / 29. Monster difficulty range was 0 - 5. Level difficulty was 4. You were immune to cold. You were telepathic. You were stealthy. You were fast. Your luck was zero. You are dead. Vanquished creatures: a dingo a dwarf lord an imp 2 enormous rats a pony a fog cloud a yellow light 2 gray oozes 7 giant ants a little dog a floating eye a kitten a dwarf a rothe a rabid rat a monkey a wererat 3 iguanas 2 coyotes 2 manes 2 large kobolds 6 hobgoblins 3 giant rats 2 yellow molds a red mold a gnome a gnome zombie 7 geckos 6 jackals 3 foxes a kobold a goblin 4 sewer rats 2 grid bugs 2 lichens a kobold zombie 2 newts 77 creatures vanquished. Voluntary challenges: You used a wielded weapon 78 times. You read items or engraved 6 times. You put on armor 12 times. You never genocided any monsters. You never polymorphed an object. You never changed form. You used no wishes. You wrote Elbereth's name 3 times. You never encountered a bones level. You never used any Sokoban shortcuts. Dungeon overview: The Dungeons of Doom: levels 1 to 6 Level 1 a long staircase Level 2 a general store Level 3 some fountains stairs to The Gnomish Mines Level 4 <- You were here some fountains Level 5 an altar to Tyr, some fountains, a sink, a throne The Gnomish Mines: Level 4 stairs to The Dungeons of Doom History has recorded: On T:1 you entered the Dungeons of Doom to retrieve the Amulet of Yendor! On T:282 you reached level 2 of The Dungeons of Doom. On T:945 you advanced to experience level 2. On T:1125 you advanced to experience level 3. On T:1140 you reached level 3 of The Dungeons of Doom. On T:1356 you reached level 4 of The Dungeons of Doom. On T:1523 you advanced to experience level 4. On T:1646 you reached level 1 of The Gnomish Mines. On T:2170 you advanced to experience level 5. On T:2522 you reached level 5 of The Dungeons of Doom. On T:2569 you advanced to experience level 6. On T:2890 you reached level 6 of The Dungeons of Doom. On T:3534 you advanced to experience level 7. Latest messages: You don't have that object. Your long sword gets wet. You unleash a water demon! [HP+1=65] The water demon zaps an orichalcum wand! The bolt of fire whizzes by you! The bolt of fire bounces! (2x) You hit the water demon! The water demon zaps a wand of fire! The bolt of fire hits you! The bolt of fire bounces! (2x) [HP-21=44] There is a doorway here. You see here an elven spear. The water demon zaps a wand of fire! The bolt of fire hits you! The bolt of fire bounces! The bolt of fire hits you! Your scroll labeled DAIYEN FOOELS catches fire and burns! You die... Final status: Farvel sylph2 the Valkyrie... You died in The Dungeons of Doom on dungeon level 4 with 3411 points, and 863 pieces of gold, after 3893 moves. You were level 7 with a maximum of 74 hit points when you died.